 Dungeon Crawl Stone Soup version 0.21.1-1-g345015fe64 (webtiles) character file.

256 Holzbalken the Magician (level 5, -9/37 HPs)
             Began as a Demonspawn Transmuter on July 3, 2018.
             Mangled by a scorpion (10 damage)
             ... on level 4 of the Dungeon.
             The game lasted 00:27:56 (5477 turns).

Holzbalken the Magician (Demonspawn Transmuter)     Turns: 5477, Time: 00:27:57

Health: -9/37      AC:  2    Str: 11    XL:     5   Next: 92%
Magic:  10/10      EV: 12    Int: 14    God:
Gold:   161        SH:  6    Dex: 14    Spells: 10/11 levels left

rFire    . . .     SeeInvis .     - Unarmed
rCold    . . .     Gourm    .   (no shield)
rNeg     + . .     Faith    .   b - +0 robe
rPois    +         Spirit   .   (no helmet)
rElec    .         Reflect  .   (no cloak)
rCorr    .         Harm     .   (no gloves)
MR       .....                  (no boots)
Stlth    +.........             q - amulet of rage
HPRegen  0.12/turn              k - ring of positive energy
MPRegen  0.12/turn              o - ring of poison resistance

@: lethally poisoned (-9 -> -27)
A: hooves 1, large bone plates 2
a: Evoke Berserk Rage


You were on level 4 of the Dungeon.
You were not hungry.

You visited 1 branch of the dungeon, and saw 4 of its levels.

You collected 161 gold pieces.

Inventory:

Missiles
 a - 95 arrows
 v - 32 bolts
Armour
 b - a +0 robe (worn)
 f - a +0 ring mail
 m - a +0 leather armour
 u - a +0 robe
 w - a +0 leather armour
 y - a +0 robe
Jewellery
 k - a ring of positive energy (left hand)
 o - a ring of poison resistance (right hand)
 q - an amulet of rage (around neck)
Scrolls
 e - 2 scrolls of remove curse {unknown}
 g - a scroll of blinking {unknown}
 h - 4 scrolls of identify
 i - 4 scrolls of teleportation {unknown}
 j - a scroll of enchant weapon {unknown}
 n - 3 scrolls of amnesia {unknown}
 r - a scroll of fog {unknown}
 s - 2 scrolls of random uselessness {unknown}
 t - 2 scrolls of enchant armour {unknown}
Potions
 l - a potion of magic
 p - a potion of haste
Books
 c - a book of Changes

   Spells                             Type                      Level
   a - Beastly Appendage              Transmutation                1
   b - Sticks to Snakes               Transmutation                2
   c - Spider Form                    Transmutation/Poison         3
   d - Ice Form                       Ice/Transmutation            4
   e - Blade Hands                    Transmutation                5
Comestibles
 d - 5 rations
 x - 2 chunks of flesh


   Skills:
 - Level 1.0 Fighting
 - Level 1.7 Dodging
 + Level 3.6 Unarmed Combat
 * Level 3.9 Spellcasting
 * Level 3.7 Transmutations


You had 10 spell levels left.
You knew the following spells:

 Your Spells              Type           Power        Failure   Level  Hunger
a - Beastly Appendage     Tmut           ##....       4%          1    None


Dungeon Overview and Level Annotations

Branches:
Dungeon (4/15)             Temple (0/1) D:4

Altars:
Qazlal

Annotations:
D:2 Jessica
D:3 exclusion: ice beast


Innate Abilities, Weirdness & Mutations

You have large cloven feet.
You are mostly covered in large bone plates. (SH +6)


Message History

You hit the scorpion but do no damage.
The scorpion is severely wounded.
* * * LOW HITPOINT WARNING * * *
You feel sick. You block the scorpion's attack.
Okay, then.
You hit the scorpion. Your kick misses the scorpion.
The scorpion is severely wounded.
* * * LOW HITPOINT WARNING * * *
You feel sick. The scorpion barely misses you.
You closely miss the scorpion.
You kick the scorpion, but do no damage.
The scorpion is severely wounded.
* * * LOW HITPOINT WARNING * * *
You feel sick.
You hit the scorpion but do no damage.
The scorpion is severely wounded.
Your horns disappear.
* * * LOW HITPOINT WARNING * * *
You feel sick. The scorpion stings you!
You die...

### ##
#######.#
###.########
....#...#
#.....#....#
#......##
#..........#
#......#
#..........#
##.....#
#..........#
##.....#
#......s...#
#.....##
#.....@....#
..##..#
#..........#
.######
#....#....##
##
#....##...#
# #....#
#..# #
#....# ### #
#...##
#...###
#.....###


You could see a scorpion.

Vanquished Creatures
  A scorpion (D:4)
  An orc wizard (D:4)
  A bullfrog skeleton (D:4)
  2 worker ants (D:4)
  Robin (D:4)
  An adder (D:4)
  2 adder skeletons (D:3)
  A worm (D:2)
  A dart slug (D:2)
  A leopard gecko (D:3)
  4 orcs (D:4)
  4 giant cockroaches
  19 goblins
  7 hobgoblins
  3 jackals (D:4)
  4 kobolds
  2 ball pythons (D:1)
  5 bats
  2 frilled lizards (D:1)
  A jackal skeleton (D:4)
  10 rats
73 creatures vanquished.

Notes
Turn   | Place    | Note
-------+----------+-------------------------------------------
     0 | D:1      | Holzbalken the Demonspawn Transmuter began the quest for the Orb.
     0 | D:1      | Reached XP level 1. HP: 15/15 MP: 3/3
   199 | D:1      | Gained mutation: You are partially covered in large bone plates. (SH +4) [demonic ancestry]
   199 | D:1      | Reached XP level 2. HP: 21/21 MP: 3/5
   881 | D:2      | Found a faded altar of an unknown god.
   885 | D:2      | Noticed Jessica
  1161 | D:2      | Found a stormy altar of Qazlal.
  1460 | D:2      | Gained mutation: You have large cloven feet. [demonic ancestry]
  1460 | D:2      | Reached XP level 3. HP: 22/26 MP: 6/6
  2663 | D:3      | Noticed an ice beast
  3505 | D:4      | Gained mutation: You are mostly covered in large bone plates. (SH +6) [demonic ancestry]
  3505 | D:4      | Reached XP level 4. HP: 32/32 MP: 6/8
  3713 | D:4      | Found a staircase to the Ecumenical Temple.
  4212 | D:4      | Reached XP level 5. HP: 33/37 MP: 7/10
  4510 | D:4      | Noticed Robin
  4876 | D:4      | Killed Robin
  5477 | D:4      | HP: 1/37 [poisoned by a scorpion]
  5477 | D:4      | Mangled by a scorpion

Skill      XL: |  1  2  3  4 |
---------------+-------------+-----
Transmutations | 2 3 |  3.7
Unarmed Combat | 3 |  3.6
Spellcasting   | 3 |  3.9
Fighting       | |  1.0
Dodging        | |  1.7

Action                   |  1- 3 |  4- 6 || total
-------------------------+-------+-------++-------
Melee: Unarmed           |   140 |   119 ||   259
       Headbutt          |    10 |    14 ||    24
       Kick              |    12 |    26 ||    38
       Punch             |     2 |     3 ||     5
 Cast: Beastly Appendage |    19 |    10 ||    29
  Use: Scroll            |       |     3 ||     3
 Stab: Sleeping          |     2 |       ||     2
  Eat: Chunk             |     4 |     7 ||    11
       Ration            |     1 |       ||     1
Armor: Robe              |    16 |     9 ||    25
Dodge: Dodged            |    72 |    67 ||   139
Block: Other             |    16 |    34 ||    50
